 Dungeon Crawl Stone Soup version 0.27-a0-328-g7f782ed93a (webtiles) character file.

Game seed: 12584347711767916903

37 CurlyBrace the Caller (level 3, -1/15 HPs)
             Began as a Felid Summoner on Feb 11, 2021.
             Was an Initiate of Cheibriados.
             Slain by a quokka (2 damage)
             ... on level 2 of the Dungeon.
             The game lasted 00:07:31 (455 turns).

CurlyBrace the Caller (Felid Summoner)               Turns: 455, Time: 00:07:32

Health: -1/15      AC:  1    Str:  6    XL:     3   Next: 21%
Magic:  7/7        EV: 18    Int: 17    God:    Cheibriados [......]
Gold:   31         SH:  0    Dex: 17    Spells: 5/6 levels left
                                        Lives:  0   Deaths: 0

rFire    + . .     SeeInvis +     - Unarmed
rCold    . . .     Faith    .   (shield unavailable)
rNeg     . . .     Spirit   .   (armour unavailable)
rPois    .         Reflect  .   (helmet unavailable)
rElec    .         Harm     .   (cloak unavailable)
rCorr    .         Rampage  .   (gloves unavailable)
Will     .....                  (boots unavailable)
Stlth    +++.......             (no amulet)
HPRegen  0.05/turn              f - ring of protection from fire
MPRegen  0.10/turn              (no ring)

@: slow
A: very small, no armour, no weapons or thrown items, stealth, claws 1, fangs 3,
see invisible, speed 1, shaggy fur 1, sharp paws
a: Renounce Religion, Bend Time


You were on level 2 of the Dungeon.
You worshipped Cheibriados.
Cheibriados was noncommittal.
You visited 1 branch of the dungeon, and saw 3 of its levels.

You collected 31 gold pieces.

Inventory:

Jewellery
 f - a ring of protection from fire (left paw)
   (You found it on level 2 of the Dungeon)
Wands
 c - a wand of flame (13)
   (You found it on level 2 of the Dungeon)
Scrolls
 b - a scroll of enchant weapon {unknown}
 t - a scroll of teleportation
Potions
 a - a potion of attraction
 h - a potion of haste


   Skills:
 * Level 1.6 Fighting
 - Level 3.0 Dodging
 - Level 3.0 Stealth
 * Level 1.6 Unarmed Combat
 - Level 2.0 Spellcasting
 - Level 4.0 Summonings
 + Level 0.3 Evocations


You had 5 spell levels left.
You knew the following spells:

 Your Spells              Type           Power        Failure   Level
a - Summon Small Mammal   Summ           60%          3%          1

Your spell library contained the following spells:

 Spells                   Type           Power        Failure   Level
 Call Imp                 Summ           15%          5%          2
 Call Canine Familiar     Summ           15%          11%         3
 Summon Guardian Golem    Hex/Summ       8%           26%         3
 Summon Ice Beast         Ice/Summ       8%           63%         4
 Summon Lightning Spire   Summ/Air       8%           63%         4


Dungeon Overview and Level Annotations

Branches:
Dungeon (3/15)

Altars:
Cheibriados
Qazlal
The Shining One

Annotations:
D:3 exclusion: orc priest


Innate Abilities, Weirdness & Mutations

You cannot wear armour.
You are incapable of wielding weapons or throwing items.
Your paws allow you to move quietly. (Stealth)
You have sharp claws.
You have razor-sharp teeth.
You have supernaturally acute eyesight. (SInv)
You cover ground quickly.
You are covered in fur. (AC +1)
Your sharp claws are effective at attacking unaware monsters.


Message History

Aim: an adder (almost dead) Attack!
Press: ? - help, v - describe, . - travel The floor.
Reduced exclusion size to a single square.
Removed exclusion.
Unknown command.
Your quokka closely misses the adder.
Your quokka bites the adder.
The adder dies!
Cheibriados thoroughly appreciates the change of pace.
Unknown command.
Your quokka disappears in a puff of smoke!
Unknown command.
Your quokka disappears in a puff of smoke!
Found a leather armour.
Found 7 gold pieces.
There is an open door here.
A quokka comes into view.
The quokka moves out of view.
A dart slug comes into view.
The dart slug moves out of view.
You scratch the quokka but do no damage.
The quokka bites you.
Aiming: Throw Flame
Press: ? - help, Shift-Dir - straight line, f - quokka
Aim: a quokka (44% to evade)
The puff of flame hits the quokka.
The quokka is heavily wounded.
The quokka bites you.
* * * LOW HITPOINT WARNING * * *
Okay, then.
Aiming: Throw Flame
Press: ? - help, Shift-Dir - straight line, f/p - quokka
Aim: a quokka (heavily wounded, 44% to evade)
The puff of flame misses the quokka.
The quokka closely misses you.
Aiming: Throw Flame
Press: ? - help, Shift-Dir - straight line, f/p - quokka
Aim: a quokka (heavily wounded, 44% to evade)
The puff of flame misses the quokka.
The quokka bites you.
You die...

...w. #..........####..
..... #................ .
#... #................
..#...#####..............
..........'..............
..........#.............)
.#......#..............
#....r.#........P...##
#....@.#............#
#[....$#..........P.#
#......#....###..P..#
#......#....# ###...#
#......###### #####
#......# ###+####


You could see a quokka.

Vanquished Creatures
  An adder skeleton (D:2)
  A dart slug (D:2)
  A bat skeleton (D:2)
  2 bat zombies (D:2)
  2 giant cockroaches
  2 goblins (D:1)
  A hobgoblin (D:1)
  A quokka (D:2)
  A frilled lizard (D:2)
  A giant cockroach zombie (D:2)
  A kobold (D:2)
  A leopard gecko skeleton (D:2)
  3 rats
18 creatures vanquished.

Vanquished Creatures (collateral kills)
  An adder (D:2)
  A leopard gecko (D:3)
  2 hobgoblins (D:2)
  A kobold (D:2)
  A frilled lizard (D:2)
6 creatures vanquished.

Grand Total: 24 creatures vanquished

Notes
Turn   | Place    | Note
-------+----------+-------------------------------------------
     0 | D:1      | CurlyBrace the Felid Summoner began the quest for the Orb.
     0 | D:1      | Reached XP level 1. HP: 7/7 MP: 4/4
   111 | D:2      | Found a stormy altar of Qazlal.
   111 | D:2      | Found a snail-covered altar of Cheibriados.
   117 | D:2      | Found a glowing golden altar of the Shining One.
   120 | D:2      | Became a worshipper of Cheibriados the Contemplative
   136 | D:2      | Reached XP level 2. HP: 12/12 MP: 4/6
   275 | D:2      | Found a glowing golden altar of the Shining One.
   279 | D:2      | Reached skill level 1 in Unarmed Combat
   286 | D:2      | Reached skill level 1 in Fighting
   430 | D:2      | Reached XP level 3. HP: 6/15 MP: 5/7
   455 | D:2      | Slain by a quokka

Illustrated notes

Levels and vault maps discovered:
D:1:      zelgadis_glass_arrival_small, layout_basic, minmay_cupped
D:2:      layout_basic, chequers_temple_overflow_minitemple, serial_undead,
          serial_undead_b, serial_undead_d, serial_undead_f, serial_undead_e,
          grunt_decor_one_mirror, lemuel_tele_altar
D:3:      layout_basic, hangedman_ru_absence, serial_glass, glass_columns_a,
          glass_columns_a, glass_columns_a, glass_columns_c, glass_columns_a,
          glass_columns_a, fedhas_altar_3

Skill      XL: |  1  2 |
---------------+-------+-----
Stealth        | 3 |  3.0
Unarmed Combat | 1 |  1.6
Fighting       | 1 |  1.6
Dodging        | 3 |  3.0
Spellcasting   | |  2.0
Summonings     | |  4.0
Evocations     | |  0.3

Action                   || total
-------------------------++-------
Melee: Unarmed           ||    63
       Bite              ||     9
 Cast: Summon Small Mamm ||     7
Evoke: Wand              ||     6
  Use: Scroll            ||     4
 Stab: Sleeping          ||     2
       Distracted        ||     1
Armor: Skin              ||     9
Dodge: Dodged            ||    74

Table legend: (Time is in decaauts)
 A = Elapsed time spent in this place.
 B = Non-inter-level travel time spent in this place.
 C = Inter-level travel time spent in this place.
 D = Time resting spent in this place.
 E = Time spent auto-exploring this place.
 F = Levels seen in this place.
 G = Mean time per level.
                   A        B        C        D        E       F      G
               +--------+--------+--------+--------+--------+-----+--------+
         Total |    460 |    460 |      0 |      0 |      0 |   3 |  153.3 |
       Dungeon |    460 |    460 |      0 |      0 |      0 |   3 |  153.3 |
               +--------+--------+--------+--------+--------+-----+--------+

Top non-repeatable levels by time:
     D:2: 273 daAuts
     D:1: 162 daAuts
     D:3: 24 daAuts
